porcodio, neutral female human Healer -----# --------- +..*.####|.{.....-# ------ # |..*|# #........|# |....|####-...| |.......|# +....|# #|...| -.....>.|# {$. # ----- ---------# . # # ###%# # ## # #I## # % # # ## . #----- .. #|.... .. #|...| .. #|<..| ... #|...| ..| #-...| --- |...| ----- porcodio the Embalmer Experience level: 7 Strength: 10 Dexterity: 12 Constitution: 15 Intelligence: 12 Wisdom: 15 Charisma: 17 Health: 0(49) Energy: 66(66) Def: 16 Gold: 263 Moves: 3405 Dungeon seed: ooNmsTb9MCOJ8GL1 Game ID: porcodio_1557287970 Your Inventory: Coins $ - 263 gold pieces Amulets u - an uncursed amulet of ESP (being worn) Weapons a - an uncursed +1 scalpel (weapon in hand) O - 13 uncursed +0 darts Armor e - an uncursed +2 pair of leather gloves (being worn) n - an uncursed +1 pair of iron shoes (being worn) r - an uncursed +0 dwarvish iron helm (being worn) y - an uncursed +0 elven mithril-coat (being worn) z - a cursed -1 pair of fumble boots Comestibles k - 6 blessed eucalyptus leaves l - 2 blessed sprigs of wolfsbane m - 3 blessed cloves of garlic w - an uncursed sprig of wolfsbane Y - 6 uncursed apples Scrolls d - an uncursed scroll of identify q - an uncursed scroll of teleportation s - an uncursed scroll of scare monster v - an uncursed scroll of destroy armor I - 3 uncursed scrolls of light L - 2 uncursed scrolls of blank paper Z - an uncursed scroll of enchant weapon Spellbooks j - a blessed spellbook of stone to flesh Potions c - an uncursed potion of healing f - 3 uncursed potions of extra healing Rings N - an uncursed ring of invisibility Wands g - a blessed wand of sleep (0:2) x - an uncursed wand of lightning (0:6) C - an uncursed wand of fire (0:0) G - an uncursed wand of teleportation (0:7) K - an uncursed wand of striking (0:1) R - an uncursed wand of light (0:10) V - an uncursed wand of polymorph (0:4) W - an uncursed wand of create monster (0:15) X - an uncursed wand of fire (0:7) Tools b - an uncursed stethoscope o - an uncursed lock pick A - an uncursed magic marker (0:85) Spells and supernatural/magical abilities: Name Level Category Fail Memory h - healing 1 healing 94% 83% x - extra healing 3 healing 98% 83% S - stone to flesh 3 healing 100% 83% W - pray for help -- divine ? -- Your skills at the end: Miscellaneous Skills wands [Basic] stealth [Basic] Weapon Skills knife [Skilled] Spellcasting Skills healing spells [Basic] Final Attributes: You were devoutly aligned. You were poison resistant. Your writing hand was ok. You were telepathic. You were somewhat stealthy. You were protected. You are dead. Vanquished creatures: a brown pudding a dwarf lord 8 bugbears a rock piercer 8 gnome lords a gray ooze 2 paper golems 2 giant ants a floating eye 7 dwarves a kobold shaman 3 iguanas 3 rothes 2 jitterbugs a giant bat a dwarf zombie 2 hobbits 2 large kobolds 5 geckos 3 hobgoblins 4 giant rats 4 cave spiders 16 gnomes 2 jackals a fox 2 kobolds 6 newts a goblin 5 grid bugs 6 lichens a kobold zombie 103 creatures vanquished. Voluntary challenges: You did not cause conflict. You were not invisible. You did not have reflection. You were not displaced. You had been an atheist until turn 2155. You used a wielded weapon 267 times, starting on turn 310. You did not apply a unicorn horn. You did not use plumbed fixtures. You read items or engraved 10 times, starting on turn 637. You never genocided any monsters. You never polymorphed an object. You never changed form. You used no wishes. You never split a pudding. You never wrote Elbereth's name. You never violated your personal moral code. Dungeon overview: The Dungeons of Doom: levels 1 to 6 Level 1 a fountain a long staircase Level 2 Level 3 stairs to The Gnomish Mines Level 4 some fountains Level 5 a fountain Level 6 <- You were here some fountains The Gnomish Mines: levels 4 to 6 Level 4 stairs to The Dungeons of Doom Level 5 Level 6 some shops, some altars to Athena, a magic chest, some fountains History has recorded: On T:1 you entered the Dungeons of Doom to retrieve the Amulet of Yendor! On T:333 you reached level 2 of The Dungeons of Doom. On T:788 you reached level 3 of The Dungeons of Doom. On T:794 you advanced to experience level 2. On T:949 you reached level 4 of The Dungeons of Doom. On T:952 you advanced to experience level 3. On T:1441 you reached level 1 of The Gnomish Mines. On T:1466 you advanced to experience level 4. On T:1477 you reached level 2 of The Gnomish Mines. On T:1597 you advanced to experience level 5. On T:1865 you advanced to experience level 6. On T:1983 you reached level 3 of The Gnomish Mines. On T:2126 you opened a magic chest. On T:2141 you entered the Minetown temple On T:2546 you reached level 5 of The Dungeons of Doom. On T:3183 you advanced to experience level 7. On T:3303 you reached level 6 of The Dungeons of Doom. Score breakdown: Gold: 0 ( 0 points) Experience: 7 levels ( 600 points) Exploration: 6 levels ( 150 points) Discoveries: 14 items ( 700 points) Variety of kills: 31 monsters ( 1550 points) Major goal: reached Minetown ( 500 points) Survival: died (score multiplied by 3) Total score: 10500 Latest messages: You see here a giant ant corpse. You stop running. The lichen touches you! You kill the lichen! You slash the rothe! The rothe is moderately wounded. The rothe misses. The rothe bites! The rothe misses. You kill the rothe! You see here a rothe corpse. The sleep ray hits you! You are caught in the sleeping gas! Something misses. (2x) Something bites! Something stings! Something bites! Something misses. (3x) Something bites! Something stings! Something's sting was poisoned, but it doesn't affect you. Something bites! Something stings! You die... Final status: Goodbye porcodio the Healer, killed by a soldier ant, while sleeping... You died in The Dungeons of Doom on dungeon level 6 with 10500 points, and 263 pieces of gold, after 3405 moves. You were level 7 with a maximum of 49 hit points when you died.